 Dungeon Crawl Stone Soup version 0.24.0-13-gcf9b319 (webtiles) character file.

Game seed: 11189366014063955465, levelgen mode: deterministic

6187 Fang the Fighter (level 10, 0/97 HPs)
             Began as a Gargoyle Berserker on Dec 5, 2019.
             Was an Elder of Trog.
             Slain by a two-headed ogre
             ... wielding a +0 giant club
              (8 damage)
             ... on level 9 of the Dungeon.
             The game lasted 00:11:52 (8950 turns).

Fang the Fighter (Gargoyle Berserker)               Turns: 8950, Time: 00:11:52

Health: 0/97       AC: 21    Str: 29    XL:     10   Next: 91%
Magic:  0/10       EV:  8    Int:  8    God:    Trog [****..]
Gold:   571        SH: 11    Dex: 12    Spells: 9/9 levels left

rFire    . . .     SeeInvis .   a - +0 hand axe
rCold    + . .     Gourm    .   B - +0 shield
rNeg     + + .     Faith    .   b - +0 plate armour
rPois    ∞         Spirit   +   (no helmet)
rElec    +         Reflect  .   (no cloak)
rCorr    .         Harm     .   (no gloves)
MR       .....                  I - +0 pair of boots (curse)
Stlth    ..........             K - amulet of guardian spirit
HPRegen  0.26/turn              g - ring of protection from cold
MPRegen  0.12/turn              y - ring "Mifel" {*Slow rElec rN+ Dex+3 Stlth+}

@: berserking (expiring), heavily drained, very quick
A: negative energy resistance 1, electricity resistance, unbreathing,
petrification resistance, rot immunity, AC +7
a: Berserk, Trog's Hand, Brothers in Arms, Renounce Religion


You were on level 9 of the Dungeon.
You worshipped Trog.
Trog was greatly pleased with you.
You were very hungry.

You visited 2 branches of the dungeon, and saw 10 of its levels.
You also visited: Bailey.

You collected 571 gold pieces.

Inventory:

Hand Weapons
 a - a +0 hand axe (weapon)
Armour
 b - a +0 plate armour (worn)
 B - a +0 shield (worn)
 I - a cursed +0 pair of boots (worn)
Jewellery
 g - a ring of protection from cold (left hand)
 y - the ring "Mifel" (right hand) {*Slow rElec rN+ Dex+3 Stlth+}
   (You found it on level 5 of the Dungeon)

   [ring of stealth]

   It affects your dexterity (+3).
   It insulates you from electricity.
   It protects you from negative energy.
   It may slow you when you take damage.
   It makes you more stealthy.
 K - an amulet of guardian spirit (around neck)
Wands
 v - a wand of scattershot (4)
 w - a wand of iceblast (4)
 D - a wand of random effects (10)
 F - a wand of digging (9)
 G - a wand of acid (12)
Scrolls
 d - 3 scrolls of fog {unknown}
 f - 4 scrolls of identify {unknown}
 h - a scroll of magic mapping {unknown}
 j - 3 scrolls of enchant weapon {unknown}
 k - 3 scrolls of blinking {unknown}
 l - 4 scrolls of teleportation {unknown}
 n - 2 scrolls of immolation {unknown}
 o - a scroll of enchant armour {unknown}
 s - a scroll of amnesia {unknown}
 t - 3 scrolls of remove curse {unknown}
 C - a scroll of noise {unknown}
 E - a scroll of fear {unknown}
Potions
 e - a potion of lignification {unknown}
 i - a potion of berserk rage {unknown}
 m - a potion of invisibility {unknown}
 p - 2 potions of degeneration {unknown}
 q - 3 potions of haste {unknown}
 r - 3 potions of heal wounds {unknown}
 u - a potion of cancellation {unknown}
 x - a potion of flight {unknown}
 z - 2 potions of brilliance {unknown}
 A - a potion of agility {unknown}
Comestibles
 c - 17 rations


   Skills:
 + Level 8.7(6.9) Fighting
 + Level 7.2(5.4) Axes
 + Level 8.3(6.5) Armour
 + Level 6.3(4.6) Dodging
 + Level 7.1(5.3) Shields


You had 9 spell levels left.
You didn't know any spells.
Your spell library was empty.

Dungeon Overview and Level Annotations

Branches:
Dungeon (9/15)             Temple (1/1) D:7          Bailey (visited)
   Lair: D:8-11         Orc: D:9-12

Altars:
Ashenzari
Cheibriados
Dithmenos
Elyvilon
Hepliaklqana
Kikubaaqudgha
Makhleb
Qazlal
Sif Muna
Trog
Uskayaw
Yredelemnul
Zin

Shops:
D:5 %   D:6 }


Innate Abilities, Weirdness & Mutations

You are resistant to torment.
Your stone body is resilient. (AC +7)
You are immune to poison.
You resist negative energy. (rN+)
You are resistant to electric shocks. (rElec)
You can survive without breathing.
You are immune to petrification.
You are immune to rotting.


Message History

The two-headed ogre is lightly wounded.
The two-headed ogre barely misses you.
The two-headed ogre hits you with a +0 giant club!!
* * * LOW HITPOINT WARNING * * *
You slash the two-headed ogre!
The two-headed ogre is moderately wounded.
You slash the two-headed ogre!
The two-headed ogre is heavily wounded.
You block the two-headed ogre's attack. x2
You hit the two-headed ogre.
The two-headed ogre is heavily wounded.
You slash the two-headed ogre!
The two-headed ogre is severely wounded.
You block the two-headed ogre's attack. x2
You slash the two-headed ogre!
The two-headed ogre is almost dead.
You hit the two-headed ogre.
The two-headed ogre is almost dead.
The two-headed ogre hits you with a +0 giant club!
You die...

#### .>.. #..#
#..#
###.$###.##
#..O.......
#.#@.# #.#..#
#.###.#..###.#
#............#
#####.########
#.# #.# #.#
#.#


You could see a two-headed ogre.

Vanquished Creatures
  5 deep elf magi (Bailey)
  Maurice (D:8)
  A hippogriff (D:8)
  A human (D:7)
  Eustachio (D:5)
  Edmund (D:4)
  4 hogs (D:7)
  A water moccasin (D:6)
  Duvessa (D:4)
  2 orc warriors (D:7)
  2 phantoms
  2 sky beasts
  An ice beast (D:7)
  6 ogres
  4 centaurs
  A wyvern zombie (D:6)
  A scorpion (D:8)
  Dowan (D:4)
  A howler monkey (D:8)
  4 crimson imps
  3 hounds
  3 orc wizards
  An orc priest (D:7)
  Crazy Yiuf (D:3)
  2 bullfrog skeletons
  5 iguanas
  4 worker ants
  A hound skeleton (D:8)
  3 gnolls (D:4)
  A howler monkey skeleton (D:4)
  7 adders
  A shadow imp (D:6)
  3 oozes
  An adder zombie (D:7)
  3 adder skeletons
  2 worms
  5 dart slugs
  4 leopard geckos
  11 orcs
  4 bats
  3 giant cockroaches (D:1)
  3 goblins
  12 hobgoblins
  7 jackals
  2 quokkas
  A ball python (D:7)
  8 frilled lizards
  A giant cockroach zombie (D:6)
  12 kobolds
  2 leopard gecko skeletons (D:8)
  A quokka skeleton (D:4)
  6 rats
164 creatures vanquished.

Vanquished Creatures (others)
  An orc (D:4)
1 creature vanquished.

Grand Total: 165 creatures vanquished

Notes
Turn   | Place    | Note
-------+----------+-------------------------------------------
     0 | D:1      | Fang the Gargoyle Berserker began the quest for the Orb.
     0 | D:1      | Reached XP level 1. HP: 14/14 MP: 1/1
   205 | D:1      | Reached XP level 2. HP: 18/19 MP: 2/2
   796 | D:1      | Reached XP level 3. HP: 20/23 MP: 3/3
  1074 | D:2      | Found a snail-covered altar of Cheibriados.
  1113 | D:2      | Found a hazy altar of Hepliaklqana.
  1116 | D:2      | Found an ancient bone altar of Kikubaaqudgha.
  1132 | D:2      | Found a shimmering blue altar of Sif Muna.
  1136 | D:2      | Found a shattered altar of Ashenzari.
  1145 | D:2      | Reached ** piety under Trog
  1439 | D:2      | Reached XP level 4. HP: 25/29 MP: 4/4
  1912 | D:3      | Found a basalt altar of Yredelemnul.
  2325 | D:3      | Reached XP level 5. HP: 33/33 MP: 5/5
  2509 | D:3      | Found a runed translucent door.
  2510 | D:3      | Noticed Crazy Yiuf
  2664 | D:3      | Killed Crazy Yiuf
  2982 | D:4      | Reached XP level 6. HP: 26/39 MP: 6/6
  3407 | D:4      | Noticed a phantom
  3584 | D:4      | Killed a phantom
  3584 | D:4      | Reached skill level 5 in Fighting
  3584 | D:4      | Reached XP level 7. HP: 31/44 MP: 7/7
  3678 | D:4      | Reached skill level 1 in Shields
  3718 | D:4      | Noticed Dowan
  3720 | D:4      | Noticed Duvessa
  3739 | D:4      | Reached *** piety under Trog
  3742 | D:4      | Killed Dowan
  3754 | D:4      | Killed Duvessa
  4392 | D:4      | Noticed Edmund
  4419 | D:4      | Killed Edmund
  4419 | D:4      | Reached skill level 5 in Armour
  4419 | D:4      | Reached XP level 8. HP: 41/50 MP: 8/8
  4549 | D:5      | Entered Level 5 of the Dungeon
  4593 | D:5      | Noticed Eustachio
  4715 | D:5      | Killed Eustachio
  4897 | D:5      | Found a shadowy altar of Dithmenos.
  4983 | D:5      | Found Xuxeac's Food Boutique.
  4998 | D:5      | Reached skill level 5 in Axes
  5011 | D:5      | Got a faintly glowing marble ring
  5802 | D:6      | Found Iceplili's Gadget Shop.
  5863 | D:6      | Reached XP level 9. HP: 44/56 MP: 9/9
  6116 | D:6      | Found a burning altar of Makhleb.
  6270 | D:6      | Found a bloodstained altar of Trog.
  6725 | D:6      | Found a glowing silver altar of Zin.
  6854 | D:7      | Reached skill level 5 in Dodging
  6889 | D:7      | Reached skill level 5 in Shields
  7099 | D:7      | Found a white marble altar of Elyvilon.
  7286 | D:7      | Found a staircase to the Ecumenical Temple.
  7326 | Temple   | Entered the Ecumenical Temple
  7351 | D:7      | Found a stormy altar of Qazlal.
  7412 | D:7      | Identified the ring "Mifel" {*Slow rElec rN+ Dex+3 Stlth+}
                  | (You found it on level 5 of the Dungeon)
  7696 | D:7      | Reached **** piety under Trog
  7704 | D:7      | Reached XP level 10. HP: 64/64 MP: 10/10
  7931 | D:8      | Found a hide-covered altar of Uskayaw.
  7931 | D:8      | Noticed a +0 hand axe
  7933 | D:8      | Noticed a +0 dagger
  8099 | D:8      | Found a flagged portal.
  8113 | Bailey   | Entered a bailey
  8119 | Bailey   | Noticed a deep elf mage
  8134 | Bailey   | Killed a deep elf mage
  8191 | Bailey   | Noticed a deep elf mage
  8192 | Bailey   | Noticed a deep elf mage
  8192 | Bailey   | Noticed a deep elf mage
  8192 | Bailey   | Noticed a deep elf mage
  8192 | Bailey   | Noticed a deep elf mage
  8200 | Bailey   | Killed a deep elf mage
  8201 | Bailey   | Killed a deep elf mage
  8204 | Bailey   | Noticed a deep elf mage
  8208 | Bailey   | Killed a deep elf mage
  8212 | Bailey   | Killed a deep elf mage
  8346 | D:8      | Noticed Maurice
  8363 | D:8      | Killed Maurice
  8930 | D:9      | Noticed a two-headed ogre
  8950 | D:9      | Slain by a two-headed ogre

Levels and vault maps discovered:
D:1:      psy_arrival_fountain, layout_loops_corners, st_stairs_4
D:2:      layout_loops_ring, cheibriados_altar_1, grunt_temple_overflow_open
D:3:      cheibrodos_old_hovel, layout_basic, yredelemnul_altar_generic,
          uniq_crazy_yiuf_cottage
D:4:      layout_loops_ring, first_ration, uniq_duvessa, uniq_edmund
D:5:      layout_loops_ring, nicolae_overflow_crystal_walls, serial_shops, shop,
          kennysheep_generic_room_12, uniq_eustachio
D:6:      layout_loops_ring, kennysheep_mini, lemuel_round_altar, serial_shops,
          shop, bloody_makhleb
D:7:      layout_basic, marbit_many_paths, minmay_temple_entry_poolview,
          grunt_livestock, elyvilon_altar_5
D:8:      layout_loops_ring, dancing_weapons_uskayaw, enter_bailey_2,
          uniq_maurice
D:9:      layout_loops_corners, grunt_lair_entry_orc_guard_hut, uniq_joseph
Temple:   pf_slime_end_temple

Skill      XL: |  1  2  3  4  5  6  7  8  9 10 |
---------------+-------------------------------+-----
Axes           | 3 4 5 6 7 |  7.2
Dodging        | 2 3 4 5 6 |  6.3
Armour         | 3 4 5 6 7 8 |  8.3
Fighting       | 4 5 6 7 8 |  8.7
Shields        | 2 4 5 7 |  7.1

Action                   |  1- 3 |  4- 6 |  7- 9 | 10-12 || total
-------------------------+-------+-------+-------+-------++-------
Melee: Hand axe          |   120 |   270 |   648 |   194 ||  1232
Invok: Berserk           |     1 |     4 |    10 |     5 ||    20
 Stab: Sleeping          |       |     2 |       |       ||     2
  Eat: Chunk             |     3 |     8 |    22 |     5 ||    38
       Ration            |       |     1 |       |     1 ||     2
Armor: Animal skin       |    33 |     4 |       |       ||    37
       Plate armour      |       |   175 |   371 |   104 ||   650
Dodge: Dodged            |    74 |   128 |   123 |    55 ||   380
Block: Shield            |       |     3 |   318 |    93 ||   414
